Cogmind - Beta 12 @@@ ROGUE MODE // 2023.12.18 @ 10:31:09 Player: puppuppit Result: Self-destructed Performance ------------- Evolutions (1) 500 Regions Visited (6) 1200 Robots Destroyed (50) 250 Value Destroyed (1211) 1211 Prototype IDs (3) 60 Alien Tech Used (0) 0 Bonus (162) 162 TOTAL SCORE: 3383 Bonus ------- High Alert Combat Kills 52 Follower Combat Kills 241 Friendly Fire -131 Cogmind --------- Core Integrity 256/400 Matter 220/300 Energy 100/100 System Corruption 0% Temperature Cool (9) Movement Flying (112) Ox1 Location -8/Mines Parts ------- > --- POWER (1) -------- (None) > --- PROPULSION (3) --- Flight Unit Improved Flight Unit > --- UTILITY (3) ------ Small Storage Unit Structural Scanner Improved Targeting Computer > --- WEAPON (2) ------- Improved Light Cannon > --- INVENTORY (8) ---- Faulty Improved Flight Unit Compact Matter Pod (145) Improved Targeting Computer Hacking Suite Improved Light Cannon Bore Cannon Peak State ------------ > --- POWER ------------ Light Ion Engine > --- PROPULSION ------- Flight Unit VTOL Module Improved Flight Unit > --- UTILITY ---------- Small Storage Unit Structural Scanner Improved Targeting Computer > --- WEAPON ----------- Improved Light Cannon Improved Light Cannon > --- INVENTORY -------- Improved Flight Unit Compact Matter Pod Improved Targeting Computer Hacking Suite Heavy Assault Rifle Bore Cannon Rocket Launcher Heavy Explosive Trap [Rating: 17] Favorites ----------- Power Light Ion Engine Engine Light Ion Engine Propulsion Hover Unit Wheel Compact Wheel Hover Unit Hover Unit Flight Unit Flight Unit Utility Small Storage Unit Device Structural Scanner Storage Small Storage Unit Processor Improved Targeting Computer Weapon Light Assault Rifle Ballistic Gun Light Assault Rifle Ballistic Cannon Improved Light Cannon Launcher Grenade Launcher Special Melee Weapon Datajack Build | -11 -10 -10 -9 -9 -9 -8 ------- Run | Jun Mat Min Mat Min Exi Min Slots Evolved 2 | . . . 2 . . . Power . | . . . . . . . Propulsion 1 | . . . 1 . . . Utility 1 | . . . 1 . . . Weapon . | . . . . . . . Parts Attached 59 | 6 15 6 29 2 1 . Power 8 | 1 2 1 4 . . . Engine 8 | 1 2 1 4 . . . Core . | . . . . . . . Reactor . | . . . . . . . Propulsion 21 | 2 6 . 12 1 . . Treads . | . . . . . . . Leg . | . . . . . . . Wheel 4 | 2 2 . . . . . Hover 11 | . 4 . 7 . . . Flight 6 | . . . 5 1 . . Utility 5 | 1 2 . 2 . . . Device 1 | . 1 . . . . . Storage 1 | 1 . . . . . . Processor 3 | . 1 . 2 . . . Hackware . | . . . . . . . Protection . | . . . . . . . Artifact . | . . . . . . . Weapon 25 | 2 5 5 11 1 1 . Energy Gun . | . . . . . . . Energy Cannon . | . . . . . . . Ballistic Gun 11 | 2 5 3 1 . . . Ballistic Cannon 8 | . . . 7 1 . . Launcher 4 | . . 2 1 . 1 . Special Weapon . | . . . . . . . Impact Weapon . | . . . . . . . Slashing Weapon . | . . . . . . . Piercing Weapon . | . . . . . . . Special Melee Weapon 2 | . . . 2 . . . Unidentified Prototypes 1 | . . . 1 . . . Parts Lost 13 | . 6 . 4 . 3 . Power 4 | . 2 . 1 . 1 . Propulsion 6 | . 2 . 3 . 1 . Utility . | . . . . . . . Weapon 3 | . 2 . . . 1 . Highest Loss Streak 3 | . 3 . 3 . 3 . To Critical Strikes . | . . . . . . . Average Slot Usage (%) 92 | . 95 100 87 88 76 66 Engine 11 | . 12 14 8 11 4 . Wheel 4 | . 15 . . . . . Hover 16 | . 11 28 22 . . . Flight 7 | . . . 5 33 25 22 Device 9 | . 2 14 11 11 11 11 Storage 12 | . 14 14 11 11 11 11 Processor 6 | . 9 . 11 11 11 11 Ballistic Gun 17 | . 28 27 6 . . . Ballistic Cannon 4 | . . . 9 11 11 11 Naked Turns . | . . . . . . . Heaviest Build 19 | 10 12 14 19 13 17 10 Greatest Support 32 | 32 32 12 19 13 13 9 Greatest Overweight (x) 4 | 1 1 1 4 . 1 1 Average Overweight (x) . | . . . . . . 1 Largest Inventory Capacity 8 | 8 8 8 8 8 8 8 Average Capacity 7 | 7 8 8 8 8 8 8 Most Carried 8 | 2 8 8 8 8 8 7 Average Carried 6 | 1 5 7 7 7 7 6 Final Capacity 8 | 8 8 8 8 8 8 8 Final Carried 8 | 2 8 8 8 8 7 6 Class Distribution -------------------- 47% | Mutant 41% | Scavenger-Mutant 10% | Sprinter Dominant Class ---------------- Mutant | -10/Materials Scavenger-Mutant | -10/Mines Mutant | -9/Materials Sprinter | -9/Mines Mutant | -9/Exiles Mutant | -8/Mines Resources | -11 -10 -10 -9 -9 -9 -8 ----------- Run | Jun Mat Min Mat Min Exi Min Matter Collected 1406 | 260 237 208 510 191 . . Remotely . | . . . . . . . Salvage Created 1485 | . 570 239 580 96 . . Parts 103 | . 40 16 40 7 . . Haulers Intercepted . | . . . . . . . Recyclers Shooed 1 | . . . 1 . . . Parts Field Recycled . | . . . . . . . Retrieved Matter . | . . . . . . . Parts Self-Destructed . | . . . . . . . Prevented . | . . . . . . . Kills | -11 -10 -10 -9 -9 -9 -8 ------- Run | Jun Mat Min Mat Min Exi Min Combat Hostiles Destroyed 36 | . 12 6 12 6 . . Guns 15 | . 12 3 . . . . Cannons 17 | . . . 11 6 . . AOE 4 | . . 3 1 . . . Classes Destroyed 10 | . 6 3 1 . . . Worker 2 | . 1 . 1 . . . Builder 1 | . . . 1 . . . Tunneler 1 | . . 1 . . . . Recycler 3 | . 2 . 1 . . . Operator 2 | . 1 . 1 . . . Watcher 5 | . 3 . 2 . . . Swarmer 11 | . 5 . 3 3 . . Grunt 18 | . 7 3 5 3 . . Sentry 6 | . . 2 4 . . . Assembled 1 | . . 1 . . . . Thug 1 | . . . 1 . . . Best Kill Streak 5 | . 5 2 4 3 . . Combat Bots Only 3 | . 3 2 3 3 . . Max Kills in Single Turn 3 | . 1 1 3 1 . . Gunslinging . | . . . . . . . Exploded 1 | . . 1 1 . . . Melee . | . . . . . . . Uniques/NPCs Destroyed . | . . . . . . . Combat | -11 -10 -10 -9 -9 -9 -8 -------- Run | Jun Mat Min Mat Min Exi Min Damage Taken 1335 | . 523 190 322 104 182 14 Core 270 | . 115 11 56 16 72 . Absorbed by Shields . | . . . . . . . Core Remaining (%) 74 | 100 . 49 . . . . Volleys Fired 152 | . 63 19 52 13 5 . Largest 2 | . 2 2 2 1 2 . Hottest 96 | . 40 50 96 39 72 . Shots Fired 258 | . 126 31 78 13 10 . Gun 179 | . 126 27 26 . . . Cannon 69 | . . . 51 13 5 . Launcher 10 | . . 4 1 . 5 . Special . | . . . . . . . Kinetic 248 | . 126 27 77 13 5 . Thermal . | . . . . . . . Explosive 10 | . . 4 1 . 5 . Electromagnetic . | . . . . . . . Robot Hit Streak 14 | . 14 7 10 4 . . Robot Miss Streak 4 | . 4 3 4 2 . . Penetration Max 1 | . . . 1 . . . Secondary Targets 1 | . . 1 . . . . Max Gunslinging Chain 1 | . . 1 . . . . Shots Hit Robots 161 | . 82 20 51 8 . . Core Hits 84 | . 38 16 24 6 . . Critical Kills 5 | . 1 . 4 . . . Critical Parts Destroyed 8 | . . . 8 . . . Critical Strikes 13 | . 1 . 12 . . . Destroy 13 | . 1 . 12 . . . Melee Attacks . | . . . . . . . Impact . | . . . . . . . Slashing . | . . . . . . . Piercing . | . . . . . . . Sneak Attacks . | . . . . . . . Combat Hostiles . | . . . . . . . Follow-up Attacks . | . . . . . . . Damage Inflicted 2267 | . 651 349 1103 164 . . Guns 1040 | . 651 216 173 . . . Cannons 1011 | . . . 847 164 . . Explosions 216 | . . 133 83 . . . Melee . | . . . . . . . Ramming . | . . . . . . . Kinetic 2051 | . 651 216 1020 164 . . Thermal . | . . . . . . . Explosive 216 | . . 133 83 . . . Electromagnetic . | . . . . . . . Impact . | . . . . . . . Slashing . | . . . . . . . Piercing . | . . . . . . . Highest Corruption 2 | . 2 2 . . . . Average Corruption 2 | . 2 2 . . . . Corruption Purged . | . . . . . . . Corruption Blocked . | . . . . . . . Effects 16 | . . 16 . . . . Message Errors 4 | . . 4 . . . . Matter Fused 5 | . . 5 . . . . Heat Flow Errors 1 | . . 1 . . . . Data Loss (minor) 3 | . . 3 . . . . Misfires 1 | . . 1 . . . . Alerts 2 | . . 2 . . . . Overload Shots . | . . . . . . . Overflow Damage 32 | . . . 15 . 17 . Projectiles 15 | . . . 15 . . . Explosions 17 | . . . . . 17 . Melee . | . . . . . . . Knockbacks 7 | . . . 5 2 . . Impact . | . . . . . . . Kinetic 7 | . . . 5 2 . . Secondary . | . . . . . . . Self-Inflicted Damage 186 | . . . . . 186 . Shots 5 | . . . . . 5 . Rammed . | . . . . . . . Targets Rammed . | . . . . . . . Kicked . | . . . . . . . Crushed . | . . . . . . . Highest Temperature 162 | . 16 125 162 23 12 . Average Temperature 34 | . 5 21 54 13 7 . Received Heat Transfer 507 | . 216 114 123 45 . 9 Siege Activations . | . . . . . . . Robots Corrupted . | . . . . . . . Combat Hostiles . | . . . . . . . Parts Fried . | . . . . . . . Impact Corruptions . | . . . . . . . Robots Melted . | . . . . . . . Combat Hostiles . | . . . . . . . Parts Melted . | . . . . . . . Heat Transferred . | . . . . . . . Parts Sabotaged . | . . . . . . . Parts Stolen . | . . . . . . . Parts Stripped . | . . . . . . . Power Chain Reactions . | . . . . . . . Missiles Intercepted . | . . . . . . . Alert | -11 -10 -10 -9 -9 -9 -8 ------- Run | Jun Mat Min Mat Min Exi Min Peak Influence 583 | . 313 288 583 352 . . Initial 166 | . . 59 61 166 . . Average 184 | . 157 135 301 282 . . Maximum Alert Level 2 | . 1 1 2 1 . . Low Security (%) 66 | 100 69 92 38 15 . 100 Level 1 25 | . 30 7 22 84 . . Level 2 8 | . . . 39 . . . Level 3 . | . . . . . . . Level 4 . | . . . . . . . Level 5 . | . . . . . . . High Security . | . . . . . . . Max Security . | . . . . . . . Squads Dispatched 3 | . 2 . 1 . . . Investigation 1 | . 1 . . . . . Extermination . | . . . . . . . Reinforcement 2 | . 1 . 1 . . . Assault . | . . . . . . . Garrison . | . . . . . . . Intercept . | . . . . . . . Searches Triggered . | . . . . . . . Construction Impeded 1 | . . . 1 . . . Haulers Reinforced . | . . . . . . . Active Scanning Responses . | . . . . . . . Cargo Convoy Interrupts . | . . . . . . . Stealth | -11 -10 -10 -9 -9 -9 -8 --------- Run | Jun Mat Min Mat Min Exi Min Distress Signals 1 | . . . 1 . . . Communications Jammed . | . . . . . . . Distress Signals . | . . . . . . . Times Spotted 61 | . 20 8 20 8 . 5 Peak Tracking Total 6 | . 5 2 3 3 . 6 Tactical Retreats 2 | . . . 1 1 . . Traps | -11 -10 -10 -9 -9 -9 -8 ------- Run | Jun Mat Min Mat Min Exi Min Traps Triggered 2 | . 2 . . . . . Indirectly . | . . . . . . . Trap Hack Attempts . | . . . . . . . Triggered . | . . . . . . . Disarmed . | . . . . . . . Reprogrammed . | . . . . . . . Reused . | . . . . . . . Traps Extracted . | . . . . . . . Installed 3 | . . . 1 1 . 1 Triggered 1 | . . . . 1 . . Most Traps Carried 3 | . . 3 3 2 1 1 Machines | -11 -10 -10 -9 -9 -9 -8 ---------- Run | Jun Mat Min Mat Min Exi Min Machines Disabled 3 | . . 2 1 . . . Max in Single Turn 2 | . . 2 1 . . . Machines Repaired . | . . . . . . . Machines Sabotaged . | . . . . . . . Overloaded Fab Kills . | . . . . . . . Hacking | -11 -10 -10 -9 -9 -9 -8 --------- Run | Jun Mat Min Mat Min Exi Min Machines Accessed 7 | . 2 . 3 1 1 . Terminals 6 | . 2 . 3 1 . . Fabricators . | . . . . . . . Repair Stations . | . . . . . . . Recycling Units . | . . . . . . . Scanalyzers . | . . . . . . . Garrison Access . | . . . . . . . Total Hacks 16 | . 5 . 7 3 1 . Successful 8 | . 3 . 3 1 1 . Failed 8 | . 2 . 4 2 . . Catastrophic 2 | . 1 . 1 . . . Database Lockouts . | . . . . . . . Manual 1 | . . . 1 . . . Terminals 15 | . 5 . 7 3 . . Fabricators . | . . . . . . . Repair Stations . | . . . . . . . Recycling Units . | . . . . . . . Scanalyzers . | . . . . . . . Garrison Access . | . . . . . . . Terminal Hacks 8 | . 3 . 3 1 1 . Record 2 | . 1 . . . 1 . Robot Analysis 1 | . . . 1 . . . Prototype ID Bank 1 | . . . 1 . . . Branch Access Points 1 | . 1 . . . . . Zone Layout 3 | . 1 . 1 1 . . Fabricator Hacks . | . . . . . . . Repair Station Hacks . | . . . . . . . Recycling Unit Hacks . | . . . . . . . Scanalyzer . | . . . . . . . Garrison Access Hacks . | . . . . . . . Unauthorized Hacks . | . . . . . . . Terminals . | . . . . . . . Fabricators . | . . . . . . . Repair Stations . | . . . . . . . Recycling Units . | . . . . . . . Scanalyzers . | . . . . . . . Garrison Access . | . . . . . . . Data Cores Recovered 1 | . . . 1 . . . Used 1 | . . . 1 . . . Hacking Detections 5 | . 2 . 3 . . . Full Trace Events 1 | . . . 1 . . . Feedback Events . | . . . . . . . Feedback Blocked . | . . . . . . . Robot Schematics Acquired . | . . . . . . . Robots Built . | . . . . . . . Authchips . | . . . . . . . Time . | . . . . . . . Total Robot Build Rating . | . . . . . . . Part Schematics Acquired . | . . . . . . . Parts Built . | . . . . . . . Authchips . | . . . . . . . Time . | . . . . . . . Total Part Build Rating . | . . . . . . . Parts Repaired . | . . . . . . . Time . | . . . . . . . Parts Recycled . | . . . . . . . Recycled Matter . | . . . . . . . Retrieved Matter . | . . . . . . . Retrieved Components . | . . . . . . . Parts Scanalyzed . | . . . . . . . Part Schematics Acquired . | . . . . . . . Parts Damaged . | . . . . . . . Bothacking | -11 -10 -10 -9 -9 -9 -8 ------------ Run | Jun Mat Min Mat Min Exi Min Used RIF Installer . | . . . . . . . Robots Hacked . | . . . . . . . Non-combat . | . . . . . . . Combat . | . . . . . . . Robot Hacks Applied . | . . . . . . . Relay Couplers Released . | . . . . . . . Fabnet Peak Effective % . | . . . . . . . Robots Rewired . | . . . . . . . Allies Hacked . | . . . . . . . Hacks Repelled . | . . . . . . . Allies | -11 -10 -10 -9 -9 -9 -8 -------- Run | Jun Mat Min Mat Min Exi Min Total Allies 6 | . . 6 . . . . Largest Group 6 | . . 6 3 . . . Highest-Rated Group 116 | . . 116 55 . . . Highest-Rated Ally 31 | . . 31 31 . . . Total Orders . | . . . . . . . Ally Attacks 65 | . . 41 24 . . . Total Damage 850 | . . 599 251 . . . Kills 15 | . . 10 5 . . . Allies Corrupted . | . . . . . . . Allies Melted . | . . . . . . . Intel | -11 -10 -10 -9 -9 -9 -8 ------- Run | Jun Mat Min Mat Min Exi Min Robot Analysis Total 1 | . . . 1 . . . Derelict Logs Recovered 2 | . . 1 . 1 . . Drone Launches . | . . . . . . . Drone Recoveries . | . . . . . . . Exploration | -11 -10 -10 -9 -9 -9 -8 ------------- Run | Jun Mat Min Mat Min Exi Min Turns Passed 2243 | 46 575 741 432 233 147 69 Spaces Moved 2562 | 38 487 796 447 574 171 49 Core 9 | 6 . . 3 . . . Treads . | . . . . . . . Legs . | . . . . . . . Wheels 234 | 32 202 . . . . . Hover 1429 | . 285 796 348 . . . Flight 890 | . . . 96 574 171 49 Fastest Speed 32 | 50 56 56 34 32 32 112 Average Speed 56 | 93 74 56 50 32 77 112 Slowest Speed 250 | 100 120 116 250 34 112 112 Overloaded Moves . | . . . . . . . Propulsion Burnouts . | . . . . . . . Robots Hopped 8 | . . . 4 4 . . Cave-ins Triggered . | . . . . . . . Exploration Rate (%) 54 | 4 61 96 44 98 57 19 Regions Visited 6 Branch Regions 4 Pre-discovered Areas 1 | . . . . 1 . . Known Exits Taken 2 | . 1 1 . . . . Unknown Exits Taken 4 | 1 . . 1 1 1 . Scrap Searched 3 | . . 1 . 2 . . Spaces Dug 33 | . . . . . 33 . Terrain Destroyed 90 | . . 22 20 1 47 . Melee . | . . . . . . . Projectile 12 | . . . 10 1 1 . AOE 78 | . . 22 10 . 46 . Terrain Rammed . | . . . . . . . Walls Destroyed . | . . . . . . . Machines Disabled . | . . . . . . . Actions | -11 -10 -10 -9 -9 -9 -8 --------- Run | Jun Mat Min Mat Min Exi Min Total 3121 | 45 596 1059 576 606 176 63 Wait 295 | . 17 227 25 14 . 12 Move 2540 | 37 486 795 438 565 170 49 Hop 8 | . . . 4 4 . . Pick Up 24 | 2 8 6 6 2 . . Fast Attach 25 | 6 9 . 9 1 . . Attach 12 | . 2 . 9 . 1 . Detach 10 | . 1 . 8 1 . . Swap 22 | . 4 6 11 1 . . Drop 30 | . 6 6 13 4 . 1 Fire 152 | . 63 19 52 13 5 . Melee . | . . . . . . . Ram . | . . . . . . . Kick . | . . . . . . . Crush . | . . . . . . . Escape Stasis . | . . . . . . . Rewire . | . . . . . . . Trap 3 | . . . 1 1 . 1 Miscellaneous . | . . . . . . . Route ------- -11/Junkyard -10/Materials (discovered 4 exits: *Mat x2 / *Min x2) -10/Mines (discovered 2 exits: *Mat x2) -9/Materials -9/Mines (discovered 3 exits: [*Mat x2] / *Exi) -9/Exiles (discovered 2 exits: [*Min x2]) -8/Mines History --------- Turn | Location | Event 24 | -11/Junkyard | Discovered new exit (range 15) 47 | -11/Junkyard | Entered Materials 138 | -10/Materials | Discovered new exit (range 8) 320 | -10/Materials | Identified exit to Mines 322 | -10/Materials | Build established: Mutant 442 | -10/Materials | Discovered new exit (range 13) 443 | -10/Materials | Lost 3 parts (1n2w) 500 | -10/Materials | Identified exit to Materials 622 | -10/Materials | Entered Mines 624 | -10/Mines | Core integrity fell below 50% 676 | -10/Mines | A weapon hastily lodged in a ceiling crevice suddenly fell to the ground 690 | -10/Mines | Discovered exit to Materials (range 10) 709 | -10/Mines | Received a Mining Laser from a helpful Derelict 829 | -10/Mines | Assisted by bots powering up and referring to "LRC-V3" 883 | -10/Mines | Found a hidden stash of uninstalled traps 943 | -10/Mines | Excavation squad dispatched 943 | -10/Mines | A large section of the Mines collapsed 948 | -10/Mines | Build established: Scavenger-Mutant 1363 | -10/Mines | Entered Materials 1363 | -9/Materials | Accompanied by 3 allies 1363 | -9/Materials | Evolved 2 slots: Propulsion x1, Utility x1 1368 | -9/Materials | Led the pair of lost Derelicts to an unsafe place 1595 | -9/Materials | Discovered new exit (range 12) 1609 | -9/Materials | Lost 3 parts (1p2n) 1646 | -9/Materials | Build established: Mutant 1795 | -9/Materials | Entered Mines 1891 | -9/Mines | Received a Rocket Launcher from a helpful Derelict 1905 | -9/Mines | Discovered new exit (range 5) 1924 | -9/Mines | Discovered new exit (range 5) 1964 | -9/Mines | Learned Materials stockpile data 2000 | -9/Mines | Learned location of Storage (-7) 2027 | -9/Mines | Deemed a non-threat by the Exiles lab entrance 2027 | -9/Mines | Discovered new exit (range 5) 2028 | -9/Mines | Entered Exiles 2028 | -9/Exiles | Found Exiles lab abandoned 2033 | -9/Exiles | Discovered new exit (range 15) 2114 | -9/Exiles | Lost 3 parts (1p1n1w) 2165 | -9/Exiles | Discovered new exit (range 10) 2175 | -9/Exiles | Entered Mines 2244 | -8/Mines | Self-destructed Last Messages --------------- GOAL=ESCAPE 02033_ EXIT=FOUND 02052_ Connecting with BIN's Terminal... 02052_ Current location identified: Exiles >>Record "BIN-BYE" To the spacelab! 02063_ The unstable cave ceiling collapses. 02072_ VTOL Module destroyed. 02072_ Destroyed VTOL Module. 02083_ Rocket Launcher destroyed. 02083_ Destroyed Rocket Launcher. 02083_ Lgt. Ion Engine destroyed. 02083_ Destroyed Lgt. Ion Engine. 02089_ The unstable cave ceiling collapses. 02165_ EXIT=FOUND LOCATION=UNKNOWN GOAL=ESCAPE 02176_ T-07 Excavator is excavating. 02195_ Dropped Heavy Explosive Trap. 02195_ Installed Heavy Explosive Trap. Map ----- +----------------------------------------------------+ | ?????????????????????????????????????????????????? | | ?????????????????????????????????????????????????? | | ?????????????????????????????????????????????????? | | ?????????????????????????????????????????????????? | | ?????????????????????????????????????????????????? | | ?????????????????????????????????????????????????? | | ?????????????????????????????????????????????????? | | ?????????????????????????????????????????????????? | | ?????????????????????????????????????????????????? | | ?????????????????????????????????????????????????? | | ???????????????????? ? ##??###??????????????????? | | ??????????????????? #########????????????????? | | ??????????????????? #### ##????????????????? | | ???????????????????? ## #????????????????? | | ????????????????????? g ??????????????????? | | ????????????????????? u ??????????????????? | | ?????????????????????? g???????????????????? | | ??????????????????????# ???????????????????? | | ?????????????????????### ????????????????????? | | ?????????????????????### ????????????????????? | | ?????????????????????## ?????????????????????? | | ?????????????????????## ################ ?? ?? | | ?????????????????????### ################# | | ??????????????????####### """ | | ??????????????????####### ############ #### """ | | ??????????????????## l@ ############ #### """ | | ??????????????????## ##????###### ## | | ?????????????## gg #######???###### | | ?????????????##k#### #######???### | | ?????????????## #### ???????????## ## | | ??????????????????## ???????????## ####? | | ????????????????????????????????### #####??? # | | ????????????????????????????????#### ####???? # | | ?????????????????????????????????##### ##???????? | | ??????????????????????????????????#### ##???????? | | ????????????????????????????????????## ##???????? | | ????????????????????????????????????## ####### ?? | | ????????????????????????????????????## ^#########? | | ????????????????????????????????????## #### #### | | ???????????????????????????????????### ## ### | | ???????????????????????????????????### | | ???????????????????????????????????## # | | ??????????????????????????????????? # ## | | ??????????????????????????????????? ## ## ### | | ??????????????????????????????????? ######## #### | | ????????????????????????????????????######## ### | | ???????????????????????????????????????##### | | ???????????????????????????????????????### | | ??????????????????????????????????????### """ | | ??????????????????????????????????????## """ | +----------------------------------------------------+ Best States ------------- Heat Dissipation 28 Energy Generation 10 Energy Capacity 125 Matter Stores 300 Matter Capacity 300 Sight Range 16 Terrain Scan Density 10 Evasion (%) 63 Targeting Accuracy 6 Item Schematics ----------------- None Robot Schematics ------------------ None Fabricated ------------ Nothing Alien Tech Used ----------------- None Achievements -------------- None Challenges ------------ None Game ------ Seed ZioniteMetafiberGenerator Manual? 0 Play Time 00:35:54 Cumulative 43.3 hours Start 2023.12.18 @ 09:41:51 End 2023.12.18 @ 10:31:09 Sessions 1 Manual Loads 0 Difficulty Rogue Special Mode None Game No. 29 Rogue 29 Adventurer 0 Explorer 0 Win Type - Total 0 Types 0/0/0/0/0/0/0/0/0 Lore% 30 Gallery% 37 Achievement% 33 Wizard Run 0 Options --------- ASCII 0 Keyboard 1 Movement Arrows Keybinds 0 Fullscreen 1 Font 12/Proggy Map View 83x54 Tactical HUD 1 Map Filters NONE Filters NONE Steam 0 RUN: 8afdb3e7-3f12-4fc3-a08c-21012e5ffe52